 Dungeon Crawl Stone Soup version 0.15.1-3-g1b33baa (webtiles) character file.

2678 CrazyArbalest the Slinger (level 9, -2/58 HPs)
             Began as a Halfling Fighter on Oct 7, 2014.
             Killed by divine providence
             ... invoked by an orc priest
              (11 damage)
             ... on Level 7 of the Dungeon.
             The game lasted 00:54:11 (10182 turns).

CrazyArbalest the Slinger (Halfling Fighter)       Turns: 10182, Time: 00:54:11

HP  -2/58        AC 10     Str 16      XL: 9   Next: 95%
MP  10/10        EV 10     Int  7      God:
Gold 546         SH  7     Dex 17      Spells:  0 memorised,  8 levels left

rFire  . . .     SeeInvis .     h - +1 dagger (venom)
rCold  . . .     Clarity  .     w - +1 scale mail {MR+}
rNeg   . . .     rCorr    .     c - +0 buckler
rPois  .         rRot     .     (no helmet)
rElec  .         Spirit   .     (no cloak)
SustAb .         Warding  .     D - +0 pair of gloves
rMut   .         Stasis   .     (no boots)
Gourm  .                        (no amulet)
MR     +....                    (no ring)
                                (no ring)

@: lethally poisoned, somewhat resistant to hostile enchantments, extremely
unstealthy
A: mutation resistance 1
a: no special abilities


You were on level 7 of the Dungeon.
You were not hungry.

You visited 1 branch of the dungeon, and saw 7 of its levels.

You collected 546 gold pieces.

Inventory:

Hand weapons
 a - the +3 short sword "Kuar" {freeze, rC++ Str+2}
   (You found it on level 4 of the Dungeon)

   It has been specially enchanted to freeze those struck by it, causing extra
   injury to most foes and up to double damage against particularly susceptible
   opponents.
   It can also slow down cold-blooded creatures.
   It affects your strength (+2).
   It greatly protects you from cold.
 b - a +0 hunting sling
 h - a +1 dagger of venom (weapon)
 x - a +1 dagger of pain
 E - a +0 cutlass
Missiles
 v - 5 sling bullets
 A - 63 stones (quivered)
 F - 5 sling bullets of flame
 K - 9 poisoned sling bullets
Armour
 c - a +0 buckler (worn)
 w - a +1 scale mail of magic resistance (worn)
 y - a +0 scale mail
 D - a +0 pair of gloves (worn)
 S - a troll hide
Magical devices
 B - a wand of polymorph (9) {unknown}
 G - a wand of digging (17)
 R - a wand of draining (3)
Comestibles
 d - 5 bread rations
 g - 10 meat rations
 o - a beef jerky
 Q - 5 rotting chunks of troll flesh
Scrolls
 f - 7 scrolls of identify
 i - a scroll of fear {unknown}
 k - 4 scrolls of remove curse
 l - 2 scrolls of random uselessness {unknown}
 p - a scroll of enchant weapon {unknown}
 q - a scroll of fog {unknown}
 r - 2 scrolls of enchant armour {unknown}
 t - 2 scrolls of noise {unknown}
 u - a scroll of blinking {unknown}
 C - 3 scrolls of immolation {unknown}
 H - a scroll of magic mapping {unknown}
 I - 2 scrolls of amnesia {unknown}
Potions
 e - 3 potions of might
 j - a potion of invisibility {unknown}
 n - a potion of heal wounds {unknown}
 s - 2 potions of haste {unknown}
 z - 2 potions of poison {unknown}
 L - a potion of degeneration {unknown}
 M - a potion of brilliance {unknown}
 N - a potion of resistance {unknown}


   Skills:
 + Level 4.1 Fighting
 + Level 6.1 Short Blades
 * Level 11.2 Slings
 + Level 6.6 Armour
 + Level 4.8 Dodging
 + Level 1.2 Stealth
 + Level 5.6 Shields
 + Level 0.9 Evocations


You had 8 spell levels left.
You didn't know any spells.

Dungeon Overview and Level Annotations

Branches:
Dungeon (7/15)
 Temple: D:4-7

Altars:
Dithmenos
Elyvilon
Kikubaaqudgha
Okawaru
Xom

Shops:
D:7 (

Annotations:
D:2 Sigmund
D:4 CrazyArbalest's ghost, experienced HaFi


Innate Abilities, Weirdness & Mutations

You are small and have problems with some larger weapons.
You are somewhat resistant to further mutation.


Message History

The adder poisons you!
You closely miss the adder.
The adder is lightly wounded.
You feel sick. You block the adder's attack.
You hit the adder.
The adder is poisoned.
The adder is heavily wounded.
You block the adder's attack.
There is an open door here.
You feel sick. The adder barely misses you.
Something unseen opens the door.
There is an open door here.
You see here a scorpion corpse.
You feel sick. You block the adder's attack.
The adder bites you but does no damage.
You feel sick.
You kill the adder!
You feel sick.
The orc priest invokes the aid of Beogh against you.
Something smites you!
You die...

#######...∩≈≈########
.#oo....≈≈≈≈≈..o....#
o'.....'.≈≈≈..##.##.#
########...##%##.##.#
#...####o##o.+.#
+...#.#o.##.##.#
#...o.'..##.##.#
#...#'##..#....#
#..... #..+@...# ##+#.
+.##.##.#
+...#.##.##'#
#...#..#....#
#...#..+.##'##
#...#+##+#...# ...#
+............# ...#+#
#............#
...#.##+#............#


You could see an orc priest and an orc.

Vanquished Creatures
  Grinder (D:3)
  A troll (D:7)
  A sky beast (D:7)
  2 orc warriors
  3 ogres
  The ghost of CrazyArbalest the Covered, an average HaFi (D:3)
  A giant frog (D:7)
  2 scorpions
  6 wights
  A crimson imp (D:5)
  2 goliath beetles
  2 jellies
  3 orc priests
  An iguana (D:5)
  6 hounds
  A giant frog skeleton (D:5)
  11 worker ants
  Ijyb (D:1)
  A big kobold skeleton (D:6)
  Terence (D:2)
  7 gnolls
  12 adders
  3 shadow imps
  3 worms
  An orc zombie (D:6)
  8 giant geckos
  An ooze (D:3)
  19 orcs
  2 ball pythons
  8 giant cockroaches
  15 goblins
  17 hobgoblins
  16 jackals
  A quokka (D:3)
  15 bats
  A giant cockroach zombie (D:5)
  8 giant newts
  A goblin skeleton (D:5)
  A hobgoblin skeleton (D:4)
  11 kobolds
  A kobold skeleton (D:4)
  3 orc skeletons
  A quokka skeleton (D:5)
  14 rats
217 creatures vanquished.

Notes
Turn   | Place    | Note
--------------------------------------------------------------
     0 | D:1      | CrazyArbalest, the Halfling Fighter, began the quest for the Orb.
     0 | D:1      | Reached XP level 1. HP: 15/15 MP: 1/1
   161 | D:1      | Reached XP level 2. HP: 20/20 MP: 2/2
   571 | D:1      | Reached XP level 3. HP: 17/25 MP: 3/3
   825 | D:2      | Reached skill level 4 in Shields
  1075 | D:2      | Noticed Terence
  1100 | D:2      | Killed Terence
  1166 | D:2      | Noticed Sigmund
  1185 | D:2      | Noticed Ijyb
  1235 | D:1      | Killed Ijyb
  1235 | D:1      | Reached skill level 1 in Dodging
  1235 | D:1      | Reached XP level 4. HP: 21/30 MP: 4/4
  2341 | D:2      | Reached skill level 1 in Slings
  2604 | D:3      | Found an iron altar of Okawaru.
  2613 | D:3      | Reached XP level 5. HP: 32/36 MP: 5/5
  2756 | D:3      | Found an ancient bone altar of Kikubaaqudgha.
  2757 | D:3      | Found a shimmering altar of Xom.
  2814 | D:3      | Noticed CrazyArbalest's ghost (average HaFi)
  3226 | D:3      | Noticed Grinder
  3518 | D:3      | Reached XP level 6. HP: 39/41 MP: 6/6
  4097 | D:3      | Killed Grinder
  4097 | D:3      | Reached skill level 5 in Armour
  4097 | D:3      | Reached XP level 7. HP: 41/46 MP: 7/7
  4156 | D:3      | Killed CrazyArbalest's ghost
  4156 | D:3      | Reached skill level 5 in Slings
  4355 | D:3      | Reached skill level 6 in Slings
  5138 | D:4      | Reached skill level 7 in Slings
  5138 | D:4      | Reached XP level 8. HP: 52/52 MP: 8/8
  5305 | D:4      | Noticed CrazyArbalest's ghost (experienced HaFi)
  5426 | D:4      | Got a crude short sword
  5429 | D:4      | Identified the +3 short sword "Kuar" {freeze, rC++ Str+2} (You found it on level 4 of the Dungeon)
  5939 | D:4      | Reached skill level 8 in Slings
  6086 | D:5      | Entered Level 5 of the Dungeon
  6815 | D:5      | Reached skill level 1 in Stealth
  6867 | D:5      | Reached skill level 5 in Shields
  7318 | D:6      | Reached skill level 5 in Short Blades
  7554 | D:6      | Reached XP level 9. HP: 31/57 MP: 9/9
  7710 | D:6      | Noticed a hill giant
  7758 | D:5      | Reached skill level 9 in Slings
  8345 | D:6      | Reached skill level 10 in Slings
  9055 | D:6      | Found a shadowy altar of Dithmenos.
  9064 | D:6      | Found a white marble altar of Elyvilon.
  9887 | D:7      | Noticed a troll
  9896 | D:7      | Killed a troll
  9896 | D:7      | Reached skill level 11 in Slings
 10032 | D:7      | Found Kluuwn's Antique Weapon Shop.
 10182 | D:7      | Killed from afar by an orc priest

Action                   |  1- 3 |  4- 6 |  7- 9 || total
-------------------------+-------+-------+-------++-------
Melee: Cutlass           |   173 |       |    50 ||   223
       Dagger            |       |   200 |    53 ||   253
       Short sword       |       |       |   345 ||   345
 Fire: Hunting sling     |       |    66 |   181 ||   247
Evoke: Wand              |       |       |     4 ||     4
  Use: Scroll            |     2 |       |     1 ||     3
       Potion            |       |     1 |     2 ||     3
  Eat: Chunk             |     1 |     9 |    18 ||    28
       Beef jerky        |       |       |     1 ||     1
